 Dungeon Crawl Stone Soup version 0.29.0-4-gdea44cf6ec (webtiles) character file.

Game seed: 17447022027314187574

4 gelatine the Stinger (level 1, -1/13 HPs)
             Began as a Demonspawn Venom Mage on Aug 27, 2022.
             Was a Plaything of Xom.
             Slain by a ball python (3 damage)
             ... on level 1 of the Dungeon.
             The game lasted 00:01:10 (193 turns).

gelatine the Stinger (Demonspawn Venom Mage)         Turns: 193, Time: 00:01:10

Health: -1/13      AC:  2    Str:  8    XL:     1   Next: 50%
Magic:  1/3        EV: 12    Int: 16    God:    Xom [..*...]
Gold:   15         SH:  0    Dex: 13    Spells: 3/4 levels left

rFire   . . .      SeeInvis .   (no weapon)
rCold   . . .      Faith    .   (no shield)
rNeg    . . .      Spirit   .   a - +0 robe
rPois   .          Reflect  .   (no helmet)
rElec   .          Harm     .   (no cloak)
rCorr   .          Rampage  .   (no gloves)
Will    .....                   (no boots)
Stlth   ++........              (no amulet)
HPRegen 0.04/turn               (no ring)
MPRegen 0.08/turn               (no ring)

@: no status effects
A: no striking features
a: Renounce Religion


You were on level 1 of the Dungeon.
You worshipped Xom.
You were a toy of Xom.
You visited 1 branch of the dungeon, and saw 1 of its levels.

You collected 15 gold pieces.

Inventory:

Armour
 a - a +0 robe (worn)


   Skills:
 + Level 1.8 Dodging
 + Level 1.8 Stealth
 + Level 2.0 Spellcasting
 + Level 0.8 Transmutations
 + Level 3.1 Poison Magic


You had 3 spell levels left.
You knew the following spells:

 Your Spells              Type           Power      Damage    Failure   Level
a - Sting                 Tmut/Pois      32%        1d4       9%          1

Your spell library contained the following spells:

 Spells                   Type           Power      Damage    Failure   Level
 Poisonous Vapours        Pois/Air       12%        N/A       17%         2
 Mephitic Cloud           Conj/Pois/Air  4%         N/A       38%         3
 Olgreb's Toxic Radiance  Pois           11%        N/A       50%         4


Dungeon Overview and Level Annotations

Branches:
Dungeon (1/15)

Altars:
Xom


Message History

Casting: Sting (safe; 10% risk of failure)
Confirm with . or Enter, or press ? or * to list all spells.
Aiming: Sting (safe; 10% risk of failure)
Press: ? - help, Shift-Dir - straight line, f/p - rat
Aim: a rat (68% to hit)
You miscast Sting.
Nothing appears to happen.
The rat bites you.
* * * LOW HITPOINT WARNING * * *
A shower of butterflies erupts from you!
You swap places.
The rat barely misses your butterfly.
You swap places.
The rat bites your butterfly.
Your butterfly dies!
Your butterfly disappears in a puff of smoke!
You swap places.
You swap places.
The rat bites your butterfly.
Your butterfly dies!
Your butterfly disappears in a puff of smoke!
You see here a +0 leather armour.
Casting: Sting (safe; 10% risk of failure)
Confirm with . or Enter, or press ? or * to list all spells.
Aiming: Sting (safe; 10% risk of failure)
Press: ? - help, Shift-Dir - straight line, f/p - rat
Aim: a rat (68% to hit)
The sting hits the rat.
The rat is poisoned.
The rat is heavily wounded.
You closely miss the rat.
The rat is heavily wounded.
The rat bites you.
* * * LOW HITPOINT WARNING * * *
You hit the rat.
You kill the rat!
Your magical contamination has completely faded away.
The ball python closely misses you. x2
The ball python attacks as you move away!
The ball python barely misses you. The ball python misses you.
The ball python attacks as you move away!
The ball python bites you but does no damage.
The ball python attacks as you move away!
The ball python bites you.
You die...

#~.~~.<.~~.~# #.#
#######.# . #~..~~~.~~.~#
#.# #K# .
#~~..~..~~.~####.# #.# ..
#~~~...~~..~#..#.# #r# .#
#.~~~~~~..~~##.#.# #.##.#
.8.......~~###.#.#
####.##.# ..###++#####
#.#.# #.SSK...# .####..#
#.#.# #§##.##.# .# #..##
#.#@# ####.##.##.# .###.##
#.#S# #S.........# ......#
#.#.# #.##.##.##.. #####.#
#.#.# #.##.##.# #.#
#.#.#####.##..... #.#
##.#...†[........#
#.#######...######.#######
#..................#
#######.##..........


You could see a ball python.

Vanquished Creatures
  A goblin (D:1)
  2 frilled lizards (D:1)
  2 rats (D:1)
5 creatures vanquished.

Notes
Turn   | Place    | Note
-------+----------+-------------------------------------------
     0 | D:1      | gelatine the Demonspawn Venom Mage began the quest for the
                  | Orb.
     0 | D:1      | Reached XP level 1. HP: 13/13 MP: 3/3
   109 | D:1      | Found a faded altar of an unknown god.
   118 | D:1      | Prayed at the altar of an unknown god.
   118 | D:1      | Became a worshipper of Xom the Psychotic
   171 | D:1      | XOM: butterfly on damage
   193 | D:1      | Slain by a ball python

Illustrated notes

Levels and vault maps discovered:
D:1:      psy_arrival_whirlpool, layout_loops_ring, serial_shops,
          nicolae_shop_bloodbath_and_beyond, dreamdust_ecumenical_altar_grove,
          minmay_pentomino_x2

Action                   || total
-------------------------++-------
Melee: Unarmed           ||     4
 Cast: Sting             ||     9
  Use: Scroll            ||     1
       Potion            ||     1
Armor: Robe              ||     4
Dodge: Dodged            ||    11
